 Dungeon Crawl Stone Soup version 0.29.1-15-g9cfb28693d (webtiles) character file.

Game seed: 16658936488367679069

3049 lolko the Skirmisher (level 9, 0/57 HPs)
             Began as a Deep Elf Hunter on Feb 22, 2023.
             Was a High Priest of the Shining One.
             Slain by Maggie
             ... wielding a +3 vorpal war axe
              (3 damage)
             ... on level 7 of the Dungeon on Feb 25, 2023.
             The game lasted 00:14:31 (6752 turns).

lolko the Skirmisher (Deep Elf Hunter)              Turns: 6752, Time: 00:14:31

Health: 0/57       AC:  7    Str:  8    XL:     9   Next: 57%
Magic:  11/11      EV: 16    Int: 15    God:    the Shining One [*****.]
Gold:   425        SH:  0    Dex: 28    Spells: 8/8 levels left

rFire   + . .      SeeInvis .   H - +0 longbow
rCold   + . .      Faith    .   (shield currently unavailable)
rNeg    + + .      Spirit   .   N - +2 robe {rC+ rF+}
rPois   .          Reflect  .   K - +0 helmet
rElec   .          Harm     .   M - +0 cloak
rCorr   .          Rampage  .   (no gloves)
Will    .....                   E - +0 pair of boots
Stlth   +.........              (no amulet)
HPRegen 0.19/turn               L - +6 ring of dexterity
MPRegen 0.12/turn               a - +4 ring of slaying

@: mesmerised, glowing
A: no striking features
a: Renounce Religion, Divine Shield, Cleansing Flame, Summon Divine Warrior


You were on level 7 of the Dungeon.
You worshipped the Shining One.
The Shining One was extremely pleased with you.
You visited 1 branch of the dungeon, and saw 7 of its levels.
You also visited: Ossuary.

You collected 425 gold pieces.

Inventory:

Hand Weapons
 p - the +3 spear of the Enfolding Gods {spect, Stlth+}
   (You found it on level 2 of the Dungeon)

   When its wielder attacks, the weapon's spirit leaps out and strikes again.
   The spirit shares a part of any damage it takes with its wielder.
   Stlth:     It makes you more stealthy.
 H - a +0 longbow (weapon)
Missiles
 w - 2 throwing nets
Armour
 B - a +2 kite shield
 E - a +0 pair of boots (worn)
 K - a +0 helmet (worn)
 M - a +0 cloak (worn)
 N - a +2 robe of resistance (worn)
Jewellery
 a - a +4 ring of slaying (right hand)
 d - a +6 ring of intelligence
 g - a +6 ring of strength
 L - a +6 ring of dexterity (left hand)
Wands
 k - a wand of flame (12)
 q - a wand of roots (15)
 u - a wand of polymorph (4)
 x - a wand of paralysis (29)
 F - a wand of digging (4)
Scrolls
 b - 3 scrolls of immolation
 f - a scroll of identify
 h - 2 scrolls of silence
 i - 3 scrolls of amnesia
 n - 2 scrolls of magic mapping {unknown}
 o - a scroll of blinking {unknown}
 s - 3 scrolls of vulnerability
 t - 2 scrolls of teleportation {unknown}
 y - 2 scrolls of fog {unknown}
 I - a scroll of poison {unknown}
 J - a scroll of brand weapon {unknown}
Potions
 c - 5 potions of curing
 e - 2 potions of might
 j - 3 potions of brilliance
 l - 3 potions of flight
 m - 3 potions of mutation
 r - 4 potions of attraction
 v - a potion of berserk rage {unknown}
 z - 4 potions of lignification
 A - a potion of degeneration {unknown}
 C - 4 potions of heal wounds
 D - a potion of resistance {unknown}
 G - a potion of haste {unknown}


   Skills:
 + Level 7.5 Fighting
 + Level 13.2 Ranged Weapons
 + Level 4.9 Dodging
 - Level 1.2 Stealth


You had 8 spell levels left.
You didn't know any spells.
Your spell library contained the following spells:

 Spells                   Type           Power      Damage    Failure   Level
 Frozen Ramparts          Ice            0%         1d1       63%         3
 Inner Flame              Hex/Fire       0%         N/A       63%         3
 Cause Fear               Hex            0%         N/A       95%         4
 Fulminant Prism          Conj/Hex       0%         3d6       95%         4
 Ice Form                 Ice/Tmut       0%         N/A       95%         4
 Iskenderun's Mystic Bla  Conj/Tloc      0%         2d3       95%         4
 Summon Ice Beast         Ice/Summ       0%         N/A       95%         4
 Lee's Rapid Deconstruct  Erth           0%         3d5*      100%        5
 Discord                  Hex            0%         N/A       100%        8


Dungeon Overview and Level Annotations

Branches:
Dungeon (7/15)             Temple (0/1) D:6         Ossuary (visited)

Altars:
Cheibriados
Fedhas
Gozag
Trog
The Shining One

Shops:
D:1 *[(

Annotations:
D:7 Maggie


Message History

Press: ? - help, Q - select action, (/) - cycle Shift-Dir - straight line, f/p - Maggie
Aim: Maggie, wielding a +3 vorpal war axe and wearing +0 acid dragon scales (moderately wounded, haloed, 86% to hit)
You shoot an arrow. The arrow hits Maggie!
Maggie is heavily wounded.
Maggie mumbles some strange words.
Maggie attempts to bespell you!
You are mesmerised by Maggie!
The orc priest invokes the aid of Beogh against you.
Beogh smites you!
You cannot move away from Maggie!
You cannot move away from Maggie!
Fire: H) +0 longbow
Press: ? - help, Q - select action, (/) - cycle Shift-Dir - straight line, f - orc priest, p - Maggie
Aim: an orc priest, wielding a +0 short sword and wearing a +0 leather armour (haloed, 86% to hit)
You shoot an arrow. The arrow barely misses the orc priest.
Maggie drinks a potion.
Maggie is healed!
The orc priest hits you with a +0 short sword.
* * * LOW HITPOINT WARNING * * *
Fire: H) +0 longbow
Press: ? - help, Q - select action, (/) - cycle Shift-Dir - straight line, f/p - orc priest
Aim: an orc priest, wielding a +0 short sword and wearing a +0 leather armour (haloed, 86% to hit)
You shoot an arrow. The arrow hits the orc priest!
The orc priest is heavily wounded.
Maggie barely misses you.
The orc priest hits you but does no damage.
Fire: H) +0 longbow
Press: ? - help, Q - select action, (/) - cycle Shift-Dir - straight line, f/p - orc priest
Aim: an orc priest, wielding a +0 short sword and wearing a +0 leather armour (heavily wounded, haloed, 86% to hit)
You shoot an arrow. The arrow hits the orc priest!!
You kill the orc priest!
The Shining One accepts your kill.
You feel better. Maggie closely misses you.
Fire: H) +0 longbow
Press: ? - help, Q - select action, (/) - cycle Shift-Dir - straight line, f - Maggie
Aim: Maggie, wielding a +3 vorpal war axe and wearing +0 acid dragon scales (heavily wounded, mesmerising, haloed, 86% to hit)
You shoot an arrow. The arrow barely misses Maggie.
Maggie hits you with a +3 vorpal war axe!
* * * LOW HITPOINT WARNING * * *
You die...

#.# ). #..###..#.. #.#
.. .#...#...#.. #.# !##
.#...#.)##.. #.#
#..###.###..#..## #.#
#...........#.... #.#
##..###.###..#..## #.#
#)##...#...#..##.. #<#
#..#.@.#...#...#..
#.####@@#...#..###..#..
#......))###..#...#..##
#.#####...#...#...#...#
#.# #...#..##...#...#
#.# ####..#..###.###.
#.# ....#.......... #.#
#.#..#(.##..##.. #..
...........###.# ###
##########.# #.#


You could see Maggie (mesmerising).

Vanquished Creatures
  Joseph (D:7)
  Duvessa (D:6)
  A water moccasin (D:5)
  2 ice beasts
  An orc warrior (D:7)
  2 ogres
  A phantom (D:5)
  3 bullfrogs
  A necrophage (D:6)
  5 elf zombies (Ossuary)
  4 scorpions
  Dowan (D:6)
  4 killer bees (D:7)
  A howler monkey (D:5)
  A crimson imp (D:4)
  A centaur zombie (Ossuary)
  A hound (D:7)
  Crazy Yiuf (D:6)
  5 orc priests
  3 jellies
  4 human zombies (Ossuary)
  2 iguanas
  Ijyb (D:3)
  5 orc wizards
  2 mummies (Ossuary)
  6 gnolls
  8 adders
  A white imp (D:4)
  2 ufetubi
  A worm (D:3)
  2 dart slugs
  16 orcs
  4 endoplasms
  5 giant cockroaches
  3 goblins
  6 hobgoblins
  6 jackals
  4 kobolds
  5 quokkas
  A ball python (D:3)
  3 bats
  A frilled lizard (D:1)
  A goblin zombie (Ossuary)
  9 hobgoblin zombies (Ossuary)
  A jackal zombie (Ossuary)
  9 kobold zombies (Ossuary)
  7 orc zombies (Ossuary)
  6 rats
161 creatures vanquished.

Notes
Turn   | Place    | Note
-------+----------+-------------------------------------------
     0 | D:1      | lolko the Deep Elf Hunter began the quest for the Orb.
     0 | D:1      | Reached XP level 1. HP: 12/12 MP: 3/3
    75 | D:1      | You fall into a shaft and drop 1 floor!
   252 | D:1      | Reached XP level 2. HP: 13/17 MP: 4/4
   395 | D:1      | Found Qaor's Antique Armour Shoppe.
   425 | D:1      | Found Feutat's General Store.
   557 | D:1      | Found Iciw's Weapon Shoppe.
   720 | D:1      | Reached skill level 6 in Ranged Weapons
  1003 | D:2      | Identified the +3 spear of the Enfolding Gods {spect,
                  | Stlth+}
  1039 | D:2      | Reached XP level 3. HP: 21/21 MP: 5/5
  1291 | D:2      | Found a blossoming altar of Fedhas.
  1556 | D:3      | Noticed Ijyb
  1918 | D:3      | Paralysed by Ijyb for 5 turns
  1924 | D:3      | Killed Ijyb
  2345 | D:3      | Reached XP level 4. HP: 27/27 MP: 6/6
  2388 | D:3      | Found a snail-covered altar of Cheibriados.
  2412 | D:3      | Reached skill level 7 in Ranged Weapons
  2606 | D:3      | Found a faded altar of an unknown god.
  2613 | D:3      | Prayed at the altar of an unknown god.
  2613 | D:3      | Became a worshipper of the Shining One
  2613 | D:3      | Reached * piety under the Shining One
  2657 | D:4      | Found an opulent altar of Gozag.
  2947 | D:4      | Noticed a scorpion
  2947 | D:4      | Found a bloodstained altar of Trog.
  2952 | D:4      | Killed a scorpion
  2953 | D:4      | Reached XP level 5. HP: 22/32 MP: 7/7
  2958 | D:4      | Reached skill level 8 in Ranged Weapons
  3219 | D:4      | Found a sand-covered staircase.
  3224 | Ossuary  | Entered an ossuary
  3238 | Ossuary  | Reached ** piety under the Shining One
  3287 | Ossuary  | Reached *** piety under the Shining One
  3348 | Ossuary  | Reached XP level 6. HP: 33/37 MP: 8/8
  3366 | Ossuary  | Reached skill level 9 in Ranged Weapons
  3379 | Ossuary  | Reached **** piety under the Shining One
  3482 | Ossuary  | Reached XP level 7. HP: 42/42 MP: 9/9
  3490 | Ossuary  | Reached skill level 10 in Ranged Weapons
  4185 | D:5      | Entered Level 5 of the Dungeon
  4293 | D:5      | Reached skill level 5 in Fighting
  4293 | D:5      | Reached XP level 8. HP: 36/49 MP: 10/10
  4596 | D:5      | Reached ***** piety under the Shining One
  4597 | D:5      | Reached skill level 11 in Ranged Weapons
  5421 | D:6      | Found a staircase to the Ecumenical Temple.
  5463 | D:6      | Noticed Duvessa
  5464 | D:6      | Noticed Dowan
  5467 | D:6      | Killed Duvessa
  5470 | D:6      | Killed Dowan
  5653 | D:6      | Reached skill level 12 in Ranged Weapons
  6122 | D:6      | Found a runed translucent door.
  6123 | D:6      | Noticed Crazy Yiuf
  6128 | D:6      | Killed Crazy Yiuf
  6168 | D:7      | Reached XP level 9. HP: 56/56 MP: 11/11
  6249 | D:7      | Noticed Joseph
  6258 | D:7      | Killed Joseph
  6465 | D:7      | Reached skill level 13 in Ranged Weapons
  6729 | D:7      | Noticed Maggie
  6752 | D:7      | Slain by Maggie

Illustrated notes

Levels and vault maps discovered:
D:1:      dpeg_arrival_pond, layout_basic, serial_shops, shop,
          nicolae_shop_crystal, nicolae_shop_bloodbath_and_beyond
D:2:      layout_loops_ring, basic_altar, kennysheep_path_1,
          minmay_stone_trees_small
D:3:      layout_loops_ring, cheibrodos_worm_habitat,
          chequers_ecumenical_altar_grove, uniq_ijyb
D:4:      layout_gridville, mainiacjoe_overflow_catwalk_spiral, enter_ossuary_2,
          minmay_fire_ice_demons
D:5:      layout_gridville
D:6:      layout_loops_cross, minmay_temple_entry_statues, grunt_ministairs_8,
          uniq_crazy_yiuf_cottage, uniq_duvessa
D:7:      layout_loops_ring, nicolae_titane, uniq_joseph, uniq_maggie

Skill      XL: |  1  2  3  4  5  6  7  8  9 |
---------------+----------------------------+-----
Ranged Weapons | 6 7 8 9 10 12 13 | 13.2
Fighting       | 2 3 5 6 7 |  7.5
Dodging        | 4 |  4.9
Stealth        | |  1.2

Action                   |  1- 3 |  4- 6 |  7- 9 || total
-------------------------+-------+-------+-------++-------
Melee: Rapier            |     7 |       |       ||     7
       Spear             |     4 |    99 |    50 ||   153
       Punch             |       |     1 |       ||     1
 Fire: Shortbow          |    71 |    15 |       ||    86
       Longbow           |       |       |   150 ||   150
  Use: Scroll            |       |       |    11 ||    11
Armor: Leather armour    |    12 |    12 |     6 ||    30
       Robe              |       |       |     4 ||     4
Dodge: Dodged            |    24 |    45 |    38 ||   107
